Map: Dynasty LE

Players

Goala - Winner!

  • Race: Zerg Zerg
  • League: Bronze
  • Spawn Location: 7:00

Wel

  • Race: Zerg Zerg
  • League: Platinum
  • Spawn Location: 1:00

VOD

Have the link to the VOD?

Description

Time

  • Played on: May 8, 2024, 5:34 a.m.
  • Length: 33:57
Show
View Real Time Build Order
Export as new Build Order

Goala Zerg - Winner!

Build Orders: Pool First 

Get SALT Encoding   

  12  0:01  Drone  
  13  0:09  Drone  
  14  0:16  Extractor  
  14  0:17  Drone  
  15  0:21  Overlord  
  15  0:39  Drone  
  15  0:40  Drone  
  17  0:46  Extractor  
  17  0:48  Spawning Pool  
  15  0:50  Drone  
  15  0:55  Drone  
  17  1:20  Drone, Hatchery  
  17  1:24  Drone  
  18  1:38  Drone  
  18  1:39  Drone  
  20  1:44  Queen  
  22  1:52  Metabolic Boost  
  22  2:08  Overlord  
  22  2:14  Baneling Nest  
  21  2:23  Overlord  
  21  2:25  Zergling x2  
  23  2:30  Zergling x2  
  23  2:37  Queen  
  23  2:40  Zergling x2  
  26  2:46  Zergling x4  
  28  2:53  Lair  
  28  2:56  Zergling x4  
  30  2:59  Zergling x2  
  30  3:02  Baneling x2  
  31  3:06  Zergling x2  
  31  3:08  Zergling x2  
  33  3:14  Drone  
  33  3:18  Drone  
  33  3:46  Drone x2, Extractor  
  33  3:47  Drone x4  
  37  3:50  Drone x2  
  37  3:51  Drone x2  
  37  3:53  Extractor  
  40  3:57  Drone  
  40  4:00  Drone  
  42  4:05  Extractor  
  38  4:19  Zergling x2  
  39  4:25  Spire, Zergling x8  
  42  4:38  Drone x2  
  43  4:41  Overlord x3  
  43  4:59  Queen  
  45  5:10  Drone x4  
  45  5:13  Drone x3  
  52  5:15  Overlord x2  
  40  5:39  Mutalisk x3  
  40  5:41  Mutalisk x3  
  42  6:02  Zerg Flyer Weapons Level 1  
  42  6:08  Drone x3  
  45  6:28  Drone  
  45  6:29  Drone x2  
  45  6:30  Queen  
  45  6:32  Mutalisk x2  
  50  6:38  Drone  
  55  6:52  Mutalisk x2  
  59  7:09  Mutalisk x2  
  59  7:10  Hatchery  
  60  7:27  Mutalisk x2  
  51  7:37  Drone x3  
  52  7:48  Queen  
  52  7:50  Drone  
  43  9:00  Drone x3  
  43  9:01  Queen  
  46  9:04  Mutalisk x7  
  46  9:08  Queen  
  62  9:18  Extractor  
  47  10:00  Mutalisk x2  
  47  10:01  Mutalisk x3  
  47  10:06  Zergling x2  
  47  10:07  Zergling x14  
  60  10:13  Drone x2  
  67  10:25  Drone x2  
  69  10:38  Drone x3  
  72  10:44  Drone x2  
  72  10:46  Drone  
  61  11:18  Mutalisk  
  61  11:19  Mutalisk x4  
  61  11:21  Mutalisk x2  
  73  11:53  Overseer  
  71  11:54  Pneumatized Carapace  
  71  12:00  Mutalisk x4  
  71  12:01  Mutalisk x2  
  77  12:04  Mutalisk  
  71  12:21  Mutalisk x3  
  77  12:36  Mutalisk x2  
  81  12:39  Hatchery  
  81  12:40  Overseer  
  80  12:47  Overlord  
  80  12:48  Drone  
  80  12:49  Drone  
  82  12:58  Overlord x3  
  82  13:12  Zerg Flyer Armor Level 1  
  82  13:15  Mutalisk  
  82  13:16  Mutalisk x2  
  88  13:22  Drone x3  
  79  13:59  Mutalisk x3  
  79  14:00  Mutalisk x4  
  93  14:05  Queen  
  93  14:06  Drone x2  
  97  14:12  Extractor  
  96  14:17  Drone  
  96  14:18  Extractor  
  96  14:24  Drone x5  
  99  14:25  Drone  
  102  14:35  Mutalisk  
  104  14:53  Mutalisk  
  104  14:54  Mutalisk x3  
  112  15:06  Zerg Flyer Weapons Level 2  
  66  16:11  Mutalisk x4  
  66  16:12  Mutalisk x8  
  66  16:16  Zergling x4  
  66  16:17  Zergling x8  
  66  16:18  Overlord x7  
  96  16:19  Overlord x2  
  96  16:31  Overseer x2  
  96  16:42  Mutalisk x3  
  96  16:43  Zergling x6  
  96  16:46  Zergling x4  
  96  16:47  Zergling x6  
  109  16:50  Mutalisk  
  109  16:51  Mutalisk  
  109  16:52  Zergling x12  
  120  16:56  Drone  
  120  16:57  Drone x3  
  124  17:14  Mutalisk x3  
  124  17:15  Mutalisk  
  92  18:02  Mutalisk x3  
  92  18:03  Mutalisk x2  
  102  18:06  Mutalisk x3  
  102  18:12  Zergling x8  
  112  18:13  Zergling x8  
  112  18:17  Zergling x10  
  121  18:29  Hatchery  
  121  18:30  Overseer  
  120  18:49  Evolution Chamber  
  119  19:05  Hatchery  
  73  19:27  Mutalisk x8  
  73  19:28  Mutalisk  
  73  19:30  Zergling x10  
  73  19:31  Zergling x6  
  99  19:33  Zerg Melee Weapons Level 1  
  99  19:37  Zergling x8  
  99  19:38  Zergling x4  
  105  19:41  Mutalisk x2  
  109  19:54  Queen  
  109  19:58  Mutalisk x2  
  115  20:08  Extractor x2  
  113  20:19  Drone  
  114  20:31  Drone  
  114  20:32  Drone x2  
  104  20:48  Extractor  
  89  21:17  Mutalisk x7  
  89  21:18  Mutalisk x3  
  105  21:22  Zergling x6  
  112  21:30  Drone x3  
  114  21:59  Queen  
  114  22:01  Mutalisk x3  
  116  22:06  Zerg Flyer Armor Level 2  
  116  22:08  Mutalisk x3  
  122  22:12  Zergling x4  
  130  22:19  Mutalisk x2  
  134  22:23  Drone x2  
  134  22:24  Drone  
  134  22:28  Drone  
  134  22:29  Drone  
  139  22:30  Extractor  
  138  23:01  Mutalisk  
  138  23:02  Overlord x4  
  138  23:03  Overlord  
  93  23:47  Mutalisk x6  
  93  23:48  Mutalisk x8  
  107  23:51  Overseer x2  
  121  24:03  Spine Crawler, Spore Crawler  
  121  24:04  Hatchery  
  116  24:13  Queen  
  116  24:15  Drone x6  
  117  24:28  Mutalisk x5  
  117  24:29  Zergling x6  
  130  24:32  Zergling x10  
  130  24:33  Zergling x2  
  130  24:35  Mutalisk  
  130  24:36  Zergling x12  
  130  24:37  Zergling x2  
  145  24:40  Mutalisk, Zergling x2  
  145  24:41  Zergling x16  
  156  24:47  Mutalisk  
  156  24:49  Queen  
  156  24:50  Overlord x2  
  160  25:02  Baneling x6  
  160  25:03  Baneling  
  160  25:10  Centrifugal Hooks  
  160  25:18  Spine Crawler  
  160  25:19  Mutalisk x2  
  160  25:20  Spine Crawler  
  162  25:40  Drone x5  
  167  25:43  Spine Crawler  
  109  26:48  Mutalisk  
  109  26:49  Mutalisk x2  
  115  26:56  Overseer x4  
  115  27:06  Mutalisk x9  
  129  27:13  Zergling x4  
  129  27:14  Zergling x16  
  129  27:15  Zergling x16  
  146  27:16  Zergling x2  
  146  27:19  Zergling x8  
  146  27:20  Zergling x8  
  146  27:22  Mutalisk x4  
  156  27:23  Mutalisk  
  164  28:00  Baneling x4  
  164  28:01  Baneling x7  
  164  28:02  Baneling x8  
  164  28:03  Baneling x7  
  164  28:22  Baneling x7  
  164  28:23  Baneling x5  
  103  29:17  Zergling x12  
  103  29:18  Zergling x14  
  103  29:21  Mutalisk x3  
  103  29:22  Mutalisk x2  
  126  29:26  Drone x2  
  126  29:27  Queen, Drone  
  131  29:40  Mutalisk x5  
  141  29:46  Zergling x4  
  141  29:47  Zergling x16  
  141  29:48  Zergling x2  
  141  29:50  Drone x2  
  154  30:00  Drone, Extractor  
  154  30:01  Extractor  
  154  30:02  Hatchery  
  154  30:03  Queen  
  154  30:04  Drone x4  
  154  30:05  Drone  
  159  30:09  Baneling x2  
  159  30:10  Baneling x8  
  159  30:11  Baneling x5  
  159  30:12  Baneling x2  
  159  30:13  Baneling  
  159  30:18  Drone  
  160  30:47  Mutalisk x2  
  160  30:48  Mutalisk  
  166  30:52  Baneling  
  166  30:53  Baneling x8  
  166  31:06  Spine Crawler  
  166  31:10  Extractor  
  164  31:12  Extractor  
  164  31:15  Queen  
  164  31:17  Drone  
  166  31:22  Drone x6  
  172  31:28  Baneling x2  
  172  31:29  Baneling x8  
  172  31:30  Baneling x8  
  172  31:31  Baneling x3  
  172  31:35  Zerg Melee Weapons Level 2  
  172  31:50  Queen  
  174  31:55  Mutalisk x4  
  132  32:28  Zergling x8  
  132  32:29  Zergling x16  
  145  32:30  Zergling x14  
  145  32:35  Zergling x14  
  145  32:36  Zergling x4  
  160  32:39  Zergling x10  
  160  32:40  Zergling x2  
  160  32:42  Mutalisk x2  
  160  32:43  Mutalisk x8  
  186  32:54  Drone x3  
  186  32:57  Drone x2  
  186  32:58  Drone  
Show
View Real Time Build Order
Export as new Build Order

Wel Zerg 

Build Orders: Hatch First 

Get SALT Encoding   

  12  0:00  Drone  
  13  0:14  Overlord  
  13  0:18  Drone  
  14  0:32  Drone x2  
  16  0:37  Drone  
  17  0:52  Hatchery  
  16  1:06  Spawning Pool  
  16  1:09  Drone  
  16  1:16  Overlord  
  16  1:23  Drone, Extractor  
  16  1:24  Drone  
  17  1:30  Drone  
  18  1:53  Zergling x4  
  20  1:54  Queen  
  22  2:09  Zergling x4  
  24  2:20  Zergling x4  
  26  2:27  Queen  
  28  2:30  Overlord, Queen  
  28  2:33  Metabolic Boost  
  30  2:37  Drone x2  
  30  2:41  Drone  
  33  2:50  Drone x2  
  35  2:59  Drone x2  
  37  3:07  Hatchery  
  36  3:21  Roach Warren  
  36  3:22  Drone x5  
  36  3:26  Extractor  
  39  3:32  Drone  
  39  3:33  Drone  
  36  3:45  Zergling x14  
  42  3:53  Overlord  
  43  4:07  Lair  
  41  4:24  Hatchery  
  37  4:32  Zergling x2  
  37  4:33  Zergling x16  
  37  4:34  Zergling x2  
  44  4:38  Extractor  
  43  4:54  Overlord  
  43  4:55  Overlord x3  
  43  5:12  Queen  
  46  5:14  Drone x6  
  51  5:26  Glial Reconstitution  
  50  5:31  Drone x5  
  48  5:42  Extractor  
  48  5:44  Extractor  
  48  5:46  Overlord x4  
  44  5:55  Pneumatized Carapace  
  44  5:57  Overseer  
  44  6:01  Roach x5  
  54  6:11  Roach  
  54  6:12  Roach x4  
  64  6:22  Roach x5  
  64  6:23  Roach x2  
  78  6:36  Hydralisk Den  
  77  6:45  Drone x4  
  77  6:46  Drone x5  
  86  7:06  Lurker Den  
  86  7:07  Grooved Spines, Hydralisk  
  86  7:08  Hydralisk  
  89  7:13  Infestation Pit  
  88  7:22  Spore Crawler  
  79  7:30  Overseer  
  79  7:33  Hydralisk x4  
  79  7:34  Hydralisk  
  63  7:47  Hydralisk x2  
  63  7:48  Hydralisk  
  63  7:49  Hydralisk  
  71  7:57  Muscular Augments, Queen  
  73  8:12  Hydralisk x4  
  71  8:27  Drone x5  
  71  8:28  Drone x4  
  71  8:29  Drone  
  71  8:32  Drone  
  68  8:37  Queen  
  62  8:55  Drone x3  
  54  8:56  Drone x7  
  54  9:01  Hydralisk  
  43  9:18  Queen  
  43  9:21  Hydralisk x3  
  45  9:37  Hydralisk x4  
  53  9:43  Queen  
  43  10:01  Drone  
  43  10:02  Drone x7  
  43  10:04  Lurker  
  52  10:11  Spore Crawler  
  51  10:22  Spore Crawler  
  51  10:23  Spore Crawler  
  51  10:26  Spore Crawler  
  51  10:28  Lurker  
  49  10:29  Lurker  
  49  10:35  Drone x4  
  54  10:41  Spore Crawler  
  53  10:44  Queen  
  47  11:00  Spore Crawler  
  46  11:08  Hydralisk x3  
  46  11:09  Hydralisk x2  
  56  11:21  Spore Crawler  
  55  11:26  Spore Crawler  
  55  11:29  Hydralisk  
  55  11:30  Hydralisk x2  
  47  11:51  Hydralisk  
  47  11:52  Hydralisk x3  
  53  12:15  Hatchery  
  52  12:22  Lair  
  52  12:31  Spore Crawler  
  51  12:45  Drone x6  
  57  13:11  Spore Crawler  
  56  13:16  Drone x8  
  56  13:17  Drone  
  65  13:32  Spore Crawler  
  53  13:58  Spore Crawler  
  53  14:02  Drone x6  
  58  14:14  Spore Crawler  
  58  14:16  Spore Crawler  
  56  14:23  Drone x2  
  58  14:26  Overlord x3, Spore Crawler  
  58  14:27  Overlord, Spore Crawler  
  58  14:30  Spore Crawler  
  55  14:33  Spore Crawler  
  54  14:43  Lurker Den  
  53  14:46  Hive  
  53  14:51  Drone  
  53  14:52  Drone x11  
  65  15:01  Spore Crawler x2  
  63  15:09  Spore Crawler  
  59  15:29  Hydralisk x3  
  59  15:30  Hydralisk x5  
  73  15:54  Hydralisk Den  
  69  16:03  Extractor  
  65  16:10  Infestor, Drone  
  65  16:11  Drone x7  
  71  16:12  Drone  
  71  16:13  Lurker  
  71  16:15  Seismic Spines  
  77  16:26  Spawning Pool  
  76  16:44  Evolution Chamber  
  76  16:46  Evolution Chamber  
  74  17:00  Hydralisk  
  74  17:01  Hydralisk x7  
  76  17:04  Overlord x2  
  90  17:16  Spore Crawler  
  90  17:21  Spore Crawler  
  90  17:22  Spore Crawler  
  87  17:27  Spore Crawler  
  87  17:28  Queen, Spore Crawler  
  87  17:31  Zerg Missile Weapons Level 1  
  87  17:34  Zerg Ground Armor Level 1  
  87  17:41  Spore Crawler  
  77  17:59  Queen  
  77  18:01  Drone  
  77  18:02  Drone x2  
  77  18:03  Drone x5  
  87  18:18  Spore Crawler  
  86  18:32  Ultralisk Cavern  
  85  18:37  Spire  
  84  19:02  Unknown  
  78  19:26  Chitinous Plating  
  78  19:35  Spore Crawler x2  
  78  19:36  Zerg Missile Weapons Level 2  
  78  19:37  Zerg Ground Armor Level 2  
  76  20:11  Greater Spire  
  76  20:19  Queen, Spore Crawler  
  77  20:21  Spore Crawler  
  77  20:27  Spore Crawler  
  77  20:28  Spore Crawler  
  74  20:31  Spore Crawler  
  73  20:42  Hydralisk Den  
  69  20:45  Anabolic Synthesis  
  63  20:58  Spore Crawler  
  62  21:06  Lurker  
  63  21:12  Hydralisk x8  
  63  21:13  Hydralisk x6  
  83  21:48  Spawning Pool, Zerg Flyer Weapons Level 1  
  82  22:12  Overseer  
  82  22:25  Zerg Ground Armor Level 3  
  82  22:57  Ultralisk  
  43  23:31  Hydralisk  
  43  23:32  Hydralisk x3  
  51  23:42  Zerg Flyer Armor Level 1  
  51  23:55  Hydralisk x2  
  49  24:34  Lurker  
  50  25:06  Hydralisk x4  
  31  26:05  Hydralisk x3  
  23  27:19  Hatchery  
  22  27:45  Lurker Den  
  21  28:43  Lurker  
  20  29:07  Drone x3  
  22  29:11  Spawning Pool  
  21  29:44  Drone x3  
  24  29:59  Spore Crawler  
  23  30:01  Drone  
  23  30:07  Zerg Melee Weapons Level 1  
  24  30:09  Drone x2  
  26  30:32  Lair  
  26  30:34  Drone x3  
  29  30:42  Spore Crawler  
  28  30:45  Extractor  
  27  31:03  Drone x2  
  29  31:13  Extractor  
  29  31:16  Drone  
  29  31:25  Spore Crawler  
  29  31:29  Queen  
  29  31:30  Drone x2  
  32  31:56  Drone  
  33  32:01  Drone  
  33  32:05  Drone  
  20  32:32  Hatchery  
Tags
 
Add a new tag
Caveats
  • Supply blocks, unpowered buildings, or Contaminate may cause inaccurate times.
  • Supply counts are checked every 10 seconds.